AoeStats
← JUANCA FORT

MegaRandom

508141322Analyzed
4v4 RM · 11d ago on Sep 21, 2026· 39m 16s· 8 players
Game mode
Random Map
Map size
Large (8 player)
Population
200
Speed
Normal
Resources
Standard
Victory
Conquest
Starting age
Dark Age
Ending age
Imperial Age
RankedLock teamsTeams togetherTeam positionsShared explorationLock speedFull tech treeHidden civsTurbo modeCheats
Victory
Defeat
🇨🇱 Sicilians · Chile
1118
+12
🇨🇱 Franks · Chile
1052
+14
🇦🇷 Spanish · Argentina
1047
+15
🇦🇷 Mongols · Argentina
1046
+15
🇦🇷 Saracens · Argentina
1123
-18
🇵🇪 Franks · Peru
1106
-17
🇨🇱 Burgundians · Chile
990
-13
🇦🇷 Persians · Argentina
860
-8
JUANCA FORT
4:03 Loom
10:04 Feudal Age
10:39 Double-Bit Axe
10:44 Horse Collar
21:49 Castle Age
20:16 Stone Mining
21:46 Bloodlines
22:43 Bow Saw
23:11 Scale Barding Armor
32:10 Wheelbarrow
32:25 Husbandry
32:53 Forging
33:43 Chain Barding Armor
34:47 Heavy Plow
40:10 Imperial Age
38:13 Hand Cart
38:18 Fletching
39:03 Iron Casting
38:29 Padded Archer Armor
39:08 Bodkin Arrow
Miossarela
11:14 Feudal Age
18:33 Castle Age
16:31 Loom
17:12 Double-Bit Axe
18:40 Scale Barding Armor
18:55 Forging
20:23 Chain Barding Armor
20:08 Husbandry
21:39 Gold Mining
29:15 Iron Casting
32:40 Gold Shaft Mining
Ω SangreSpirit Ω
7:39 Loom
13:27 Feudal Age
14:34 Double-Bit Axe
15:47 Scale Mail Armor
16:47 Forging
20:53 Horse Collar
23:01 Fletching
25:56 Castle Age
26:13 Gold Mining
28:34 Chain Mail Armor
29:57 Bow Saw
31:01 Pikeman
31:48 Bodkin Arrow
34:13 Iron Casting
36:51 Wheelbarrow
36:01 Town Watch
39:35 Arson
39:51 Squires
Cheu7855
7:00 Loom
11:54 Feudal Age
18:25 Castle Age
20:03 Pikeman
21:01 Double-Bit Axe
21:09 Stone Mining
21:59 Wheelbarrow
25:57 Fletching
25:55 Town Watch
34:19 Imperial Age
31:43 Gold Mining
32:28 Stone Shaft Mining
32:06 Horse Collar
34:28 Heavy Plow
35:04 Elite Conquistador
35:11 Elite Conquistador
36:15 Conscription
38:08 Bloodlines
37:59 Husbandry
37:59 Bodkin Arrow
38:04 Padded Archer Armor
38:10 Scale Barding Armor
39:17 Supremacy
MatiSitoula
6:25 Loom
11:49 Feudal Age
14:46 Double-Bit Axe
22:51 Castle Age
22:32 Horse Collar
23:27 Crossbowman
25:00 Bow Saw
25:44 Fletching
31:58 Elite Skirmisher
38:40 Husbandry
[LHS] nw.inkakkola
7:06 Loom
10:30 Feudal Age
17:44 Double-Bit Axe
21:46 Castle Age
22:13 Scale Barding Armor
22:21 Forging
24:05 Gold Mining
27:24 Wheelbarrow
28:59 Iron Casting
30:20 Bow Saw
31:26 Chain Barding Armor
37:22 Imperial Age
34:38 Town Watch
36:13 Hand Cart
36:13 Husbandry
37:38 Cavalier
_132_Ñandu_Arg
8:50 Loom
11:44 Feudal Age
16:09 Castle Age
14:51 Double-Bit Axe
16:29 Scale Barding Armor
24:43 Town Watch
28:03 Wheelbarrow
28:04 Bow Saw
33:28 Imperial Age
32:32 Hand Cart
32:47 Forging
34:10 Conscription
35:26 Two-Man Saw
34:27 Gold Mining
35:50 Pikeman
38:08 Iron Casting
GERMANICO7222
6:31 Loom
7:14 Loom
11:20 Feudal Age
10:08 Double-Bit Axe
13:23 Horse Collar
17:41 Scale Barding Armor
19:03 Scale Mail Armor
19:40 Forging
27:28 Wheelbarrow
30:03 Castle Age
Connection lost

Rejoining the realm…

Still unreachable

The connection could not be restored.

Session expired

The server has moved on; the page needs a fresh start.